 Dungeon Crawl Stone Soup version 0.17.2 (webtiles) character file.

15362 Goblin1989 the Cleaver (level 12, -10/103 HPs)
             Began as a Deep Dwarf Gladiator on June 17, 2016.
             Was a Priest of Makhleb.
             Mangled by a red ugly thing (22 damage)
             ... on level 11 of the Dungeon on June 19, 2016.
             The game lasted 00:30:02 (8549 turns).

Goblin1989 the Cleaver (Deep Dwarf Gladiator)       Turns: 8549, Time: 00:30:02

Health: -10/103    AC: 23    Str: 22 (23) XL:     12   Next: 0%
Magic:  10/10      EV:  7    Int: 10      God:    Makhleb [***...]
Gold:   631        SH:  0    Dex: 12 (13) Spells: 3 memorised, 3 levels left

rFire  . . .     SeeInvis .     L - -3 battleaxe (curse)
rCold  . . .     Clarity  .     y - +1 plate armour
rNeg   . . .     SustAt   .     (shield currently unavailable)
rPois  .         Gourm    .     c - +0 helmet
rElec  .         Spirit   .     P - +0 cloak
rCorr  .         Warding  .     (no gloves)
rMut   .         Stasis   +     t - +0 pair of boots
MR     +....                    o - amulet of stasis {Stasis, !d}
Stlth  ..........               q - +6 ring of protection
                                n - ring of loudness (curse) {Stlth-}

@: non-regenerating, drained, somewhat resistant to hostile enchantments,
extremely unstealthy
A: damage resistance, recharge devices, talons 1, deterioration 1, sense
surroundings 2, slow regeneration 3, evolution 1
a: Device Recharging, Minor Destruction, Lesser Servant of Makhleb, Renounce
Religion


You were on level 11 of the Dungeon.
You worshipped Makhleb.
Makhleb was most pleased with you.
You were not hungry.

You visited 2 branches of the dungeon, and saw 12 of its levels.

You collected 631 gold pieces.

Inventory:

Hand Weapons
 a - a +0 war axe
 b - a +0 arbalest
 g - the +8 hand crossbow "Vexi" {velocity, MR+, unknown}
   (You acquired it on level 9 of the Dungeon)

   Any bolt fired from it inflicts extra damage.
   It affects your resistance to hostile enchantments.
 w - a +0 battleaxe
 L - a cursed -3 battleaxe (weapon)
 V - a +0 dagger
Missiles
 d - 3 throwing nets (quivered) {=f, !d}
 A - 83 bolts
Armour
 c - a +0 helmet (worn)
 t - a +0 pair of boots (worn)
 y - a +1 plate armour (worn)
 P - a +0 cloak (worn)
 T - a +0 plate armour of fire resistance
 U - a +0 plate armour of fire resistance
Jewellery
 n - a cursed ring of loudness (left hand) {Stlth-}
 o - an amulet of stasis (around neck) {Stasis, !d}
 q - a +6 ring of protection (right hand)
 Z - an uncursed ring of poison resistance {unknown}
Wands
 e - a wand of heal wounds (0)
 k - a wand of disintegration (5)
 F - a wand of polymorph (17)
 N - a wand of digging (24)
 S - a wand of fire (1)
Scrolls
 i - 2 scrolls of noise {!r}
 j - 2 scrolls of magic mapping {!r}
 m - 4 scrolls of recharging
 z - 2 scrolls of amnesia
 D - a scroll of acquirement
 I - a scroll of remove curse {unknown}
 O - a scroll of fog {unknown}
 Y - 3 scrolls of enchant armour
Potions
 f - 2 potions of flight
 l - 6 potions of curing
 p - a potion of ambrosia
 r - a potion of degeneration {unknown}
 s - 2 potions of invisibility
 v - a potion of haste
 x - a potion of berserk rage {unknown}
 B - 3 potions of heal wounds
 G - a potion of might
 J - a potion of beneficial mutation {unknown}
 K - a potion of resistance
 M - a potion of brilliance
Books
 W - a book of Spatial Translocations

   Spells                             Type                      Level
   a - Apportation                    Translocation                1
   b - Blink                          Translocation                2
   c - Shroud of Golubria             Charms/Translocation         2
   d - Portal Projectile              Translocation                3
   e - Teleport Other                 Translocation                3
   f - Passage of Golubria            Translocation                4
Miscellaneous
 C - a disc of storms
Comestibles
 h - 7 beef jerkies
 u - 11 bread rations
 E - a slice of pizza
 H - 6 fruits
 Q - a royal jelly
 X - 3 meat rations


   Skills:
 + Level 5.2(4.9) Fighting
 - Level 14.0(13.7) Axes
 * Level 13.6(13.3) Crossbows
 - Level 1.7(1.5) Throwing
 + Level 5.6(5.4) Armour
 - Level 3.2(3.0) Dodging
 + Level 1.0(0.7) Invocations
 - Level 2.0(1.7) Evocations


You had 3 spell levels left.
You knew the following spells:

 Your Spells              Type           Power        Failure   Level  Hunger
a - Apportation           Tloc           #.........   100%        1    ##.....
b - Portal Projectile     Tloc           #.....       100%        3    ####...
c - Passage of Golubria   Tloc           N/A          100%        4    #####..


Dungeon Overview and Level Annotations

Branches:
Dungeon (11/15)            Temple (1/1) D:5            Lair (0/8) D:10
    Orc (0/4) D:9

Altars:
Ashenzari
Cheibriados
Dithmenos
Elyvilon
Fedhas
Gozag
Kikubaaqudgha
Makhleb
Nemelex Xobeh
Okawaru
Qazlal
Ru
Sif Muna
Trog
Vehumet
Xom
Yredelemnul
Zin
The Shining One
Beogh


Innate Abilities, Weirdness & Mutations

You are resistant to damage.
You can recharge devices by infusing magical energy.
You passively map the area around you.
You do not regenerate naturally.
You have sharp toenails.
Your body sometimes deteriorates upon taking damage.
You evolve.


Message History

You hit the red ugly thing.
The red ugly thing gores you but does no damage.
You hit the red ugly thing.
The red ugly thing gores you but does no damage.
You closely miss the red ugly thing.
The red ugly thing gores you but does no damage.
You slice the red ugly thing!! The red ugly thing gores you.
You are engulfed in flames!
Your body deteriorates!
You feel clumsy.
You take 16 damage, and have 40/103 hp.
You hit the red ugly thing but do no damage.
The red ugly thing barely misses you.
You closely miss the red ugly thing. The red ugly thing gores you.
You are engulfed in flames!!
* * * LOW HITPOINT WARNING * * *
You take 22 damage, and have 18/103 hp.
MASSIVE DAMAGE!!
You slash the red ugly thing! The red ugly thing gores you!
* * * LOW HITPOINT WARNING * * *
You are engulfed in flames!!
You die...

** * * , , , ,, , * ,,, , *
,###..#. * * * * ***,, , ,
..... * * # ..... , ,* ,#.,
*... , * , , *.. ,..., # *#.#
* ,,* * #.##.##.# #.# #.*
#...u...# #.# #. * ##@## * #.#
#.# ##.(.## #.# #.## ##.....##
####.# #..## ##.......##
##.##.#
##...####(........####...#.###
#.......(.........()(.(.......
##...####.........####...#####
#..## ##.......## ##..# # #.##
##.....## ##.# #


You could see a red ugly thing.

Vanquished Creatures
  The ghost of TurgonWindows the Grappler, a novice TrWz of Makhleb (D:9)
  Joseph (D:9)
  A fire drake (D:10)
  The ghost of Goblin1989 the Insei, an amateur DsMo (D:7)
  Prince Ribbit (D:7)
  The ghost of TBriggs11TB the Skirmisher, an amateur HuBe of Trog (D:3)
  A hungry ghost (D:9)
  A hippogriff (D:6)
  Edmund (D:6)
  A water moccasin (D:11)
  A necrophage (D:5)
  A black bear (D:11)
  An eye of draining (D:8)
  3 ice beasts
  9 orc warriors
  4 ogres
  2 phantoms
  2 sky beasts
  2 centaurs
  A brain worm (D:9)
  7 giant frogs
  A wyvern skeleton (D:6)
  7 scorpions
  3 killer bees (D:9)
  An electric eel (D:9)
  3 crimson imps
  A jelly (D:11)
  6 hounds
  2 giant frog zombies
  2 giant frog skeletons
  4 orc priests
  2 centaur skeletons
  Terence (D:2)
  An iguana (D:7)
  Natasha (thrice) (D:3)
  5 orc wizards
  11 worker ants
  A hound skeleton (D:3)
  9 adders
  A gnoll (D:1)
  3 shadow imps
  An ooze (D:5)
  2 adder skeletons (D:5)
  An adder zombie (D:6)
  2 worms
  7 giant geckos
  37 orcs
  4 bats
  A giant cockroach (D:1)
  12 goblins
  11 hobgoblins
  10 jackals
  7 kobolds
  3 quokkas
  A ball python (D:3)
  A giant gecko zombie (D:4)
  5 giant newts
  A jackal zombie (D:7)
  11 rats
227 creatures vanquished.

Notes
Turn   | Place    | Note
--------------------------------------------------------------
     0 | D:1      | Goblin1989 the Deep Dwarf Gladiator began the quest for the Orb.
     0 | D:1      | Reached XP level 1. HP: 19/19 MP: 1/1
    55 | D:1      | Reached skill level 4 in Axes
    55 | D:1      | Reached XP level 2. HP: 17/26 MP: 2/2
   166 | D:1      | Found a shattered altar of Ashenzari.
   377 | D:1      | Reached XP level 3. HP: 32/32 MP: 3/3
   695 | D:2      | Reached skill level 5 in Axes
  1146 | D:2      | Noticed Terence
  1162 | D:2      | Killed Terence
  1162 | D:2      | Reached XP level 4. HP: 24/39 MP: 4/4
  1737 | D:3      | Reached skill level 6 in Axes
  1782 | D:3      | Noticed TBriggs11TB's ghost (amateur HuBe)
  1900 | D:4      | Noticed an ogre
  1916 | D:4      | Killed an ogre
  1916 | D:4      | Reached XP level 5. HP: 20/45 MP: 5/5
  1983 | D:4      | Noticed a phantom
  2032 | D:4      | Killed a phantom
  2032 | D:4      | Reached skill level 7 in Axes
  2032 | D:4      | Reached XP level 6. HP: 52/52 MP: 6/6
  2352 | D:4      | Reached skill level 8 in Axes
  2565 | D:5      | Entered Level 5 of the Dungeon
  2576 | D:5      | Reached XP level 7. HP: 49/58 MP: 7/7
  2592 | D:5      | Reached skill level 9 in Axes
  2672 | D:3      | Killed TBriggs11TB's ghost
  2821 | D:3      | Noticed Natasha
  2833 | D:3      | Killed Natasha
  2947 | D:3      | Noticed Natasha
  2952 | D:3      | Killed Natasha
  3071 | D:3      | Noticed Natasha
  3074 | D:3      | Killed Natasha
  3457 | D:5      | Reached skill level 10 in Axes
  3667 | D:5      | Reached XP level 8. HP: 58/66 MP: 7/7
  3732 | D:5      | Found a staircase to the Ecumenical Temple.
  3750 | Temple   | Entered the Ecumenical Temple
  3847 | Temple   | Became a worshipper of Makhleb the Destroyer
  4019 | D:5      | Reached skill level 11 in Axes
  4333 | D:6      | Noticed Edmund
  4365 | D:6      | Killed Edmund
  4365 | D:6      | Reached skill level 1 in Crossbows
  4365 | D:6      | Reached skill level 1 in Armour
  4535 | D:6      | Noticed Prince Ribbit
  4791 | D:6      | Found a blossoming altar of Fedhas.
  5108 | D:7      | Reached * piety under Makhleb
  5154 | D:7      | Killed Prince Ribbit
  5154 | D:7      | Gained mutation: You passively map the area around you. [Deep Dwarf growth]
  5154 | D:7      | Reached XP level 9. HP: 56/76 MP: 8/8
  5171 | D:7      | Noticed Goblin1989's ghost (amateur DsMo)
  5210 | D:7      | Killed Goblin1989's ghost
  5210 | D:7      | Reached skill level 5 in Crossbows
  5433 | D:7      | Gained mutation: You evolve. [mutagenic meat]
  5434 | D:7      | Gained mutation: Your body sometimes deteriorates upon taking damage. [mutagenic meat]
  5435 | D:7      | Gained mutation: You have sharp toenails. [mutagenic meat]
  5869 | D:8      | Learned a level 1 spell: Apportation
  5880 | D:8      | Learned a level 3 spell: Portal Projectile
  5885 | D:8      | Learned a level 4 spell: Passage of Golubria
  5896 | D:8      | Found a deep blue altar of Sif Muna.
  6150 | D:8      | Got an ancient dagger
  6151 | D:8      | Identified the cursed +3 dagger "Beastslayer" {drain, *Confuse rN+ Int+6} (You found it on level 8 of the Dungeon)
  6178 | D:8      | Reached skill level 13 in Crossbows
  6178 | D:8      | Reached XP level 10. HP: 55/85 MP: 8/8
  6180 | D:8      | Reached skill level 14 in Axes
  6180 | D:8      | Reached XP level 11. HP: 59/92 MP: 9/9
  6311 | D:9      | Noticed Joseph
  6331 | D:9      | Killed Joseph
  6392 | D:9      | Found a staircase to the Orcish Mines.
  6498 | D:9      | Reached ** piety under Makhleb
  6662 | D:9      | Reached skill level 5 in Armour
  6736 | D:9      | Noticed TurgonWindows's ghost (novice TrWz)
  6770 | D:9      | Killed TurgonWindows's ghost
  6770 | D:9      | Reached skill level 1 in Evocations
  7068 | D:9      | Found a roughly hewn altar of Beogh.
  7130 | D:9      | Identified a scroll of acquirement
  7131 | D:9      | Got a jewelled hand crossbow
  7284 | D:10     | Entered Level 10 of the Dungeon
  7284 | D:10     | Found a staircase to the Lair.
  7887 | D:10     | Reached *** piety under Makhleb
  8092 | D:11     | Reached skill level 5 in Fighting
  8393 | D:11     | Reached skill level 1 in Invocations
  8464 | D:11     | Reached XP level 12. HP: 85/103 MP: 10/10
  8549 | D:11     | Mangled by a red ugly thing

Action                   |  1- 3 |  4- 6 |  7- 9 | 10-12 || total
-------------------------+-------+-------+-------+-------++-------
Melee: War axe           |   124 |   150 |   532 |   155 ||   961
       Battleaxe         |       |       |       |   224 ||   224
 Fire: Arbalest          |       |       |       |    14 ||    14
Throw: Throwing net      |       |     1 |       |       ||     1
 Abil: Device Recharging |       |       |     2 |     1 ||     3
Evoke: Wand              |     2 |     3 |    12 |    10 ||    27
  Use: Potion            |       |       |     2 |     4 ||     6
       Scroll            |       |       |    22 |     4 ||    26
 Stab: Sleeping          |     1 |       |       |       ||     1
       Held in net/web   |       |     1 |       |       ||     1
       Invisible         |       |       |     7 |       ||     7
  Eat: Chunk             |       |     4 |    16 |    10 ||    30
       Beef jerky        |       |     1 |       |       ||     1
